 Dungeon Crawl Stone Soup version 0.30.0-29-ga12c61a403 (webtiles) character file.

Game seed: 1579842854725267473

403 seaoflcl the Chopper (level 6, -3/56 HPs)
             Began as a Minotaur Fighter on June 9, 2023.
             Succumbed to an orc wizard's poison
             ... on level 4 of the Dungeon.
             The game lasted 00:02:18 (1933 turns).

seaoflcl the Chopper (Minotaur Fighter)             Turns: 1933, Time: 00:02:19

Health: -3/56      AC: 12    Str: 20 (22) XL:     6   Next: 55%
Magic:  5/5        EV:  5    Int:  4 (5)  God:
Gold:   127        SH:  9    Dex:  9 (10) Spells: 5/5 levels left

rFire   . . .        a - +0 war axe
rCold   . . .        c - +0 buckler
rNeg    . . .        v - +0 plate armour
rPois   .            (helmet restricted)
rElec   .            (no cloak)
rCorr   .            (no gloves)
SInv    .            (no boots)
Will    .....        w - amulet of reflection Stlth
                     (no ring)
HPRegen 0.29/turn    (no ring)
MPRegen 0.09/turn

%: reflection
@: lethally poisoned (-3 -> -20)
A: horns 2, retaliatory headbutt
a: no special abilities


You were on level 4 of the Dungeon.
You visited 1 branch of the dungeon, and saw 4 of its levels.

You collected 127 gold pieces.

Inventory:

Hand Weapons
 a - a +0 war axe (weapon)
Armour
 c - a +0 buckler (worn)
 v - a +0 plate armour (worn)
Jewellery
 f - a ring of wizardry
 k - a ring of fire
 q - a ring of fire
 w - an amulet of reflection (around neck)
Wands
 p - a wand of roots (8)
Scrolls
 b - a scroll of identify {unknown}
 e - a scroll of vulnerability {unknown}
 g - 5 scrolls of teleportation {unknown}
 h - 2 scrolls of noise {unknown}
 i - a scroll of fear {unknown}
 j - a scroll of amnesia {unknown}
 o - a scroll of silence {unknown}
 x - a scroll of butterflies {unknown}
Potions
 d - a potion of might
 l - a potion of attraction {unknown}
 m - a potion of flight {unknown}
 n - a potion of resistance {unknown}
 r - a potion of magic {unknown}
 s - 2 potions of degeneration
 t - 2 potions of curing {unknown}
 u - a potion of brilliance {unknown}


   Skills:
 + Level 5.1 Fighting
 * Level 5.6 Axes
 + Level 5.1 Armour
 + Level 5.0 Shields


You had 5 spell levels left.
You didn't know any spells.
Your spell library contained the following spells:

 Spells                   Type           Power      Damage    Failure   Level
 Magic Dart               Conj           0%         1d3       100%        1
 Searing Ray              Conj           0%         2d4       100%        2
 Fulminant Prism          Conj/Hex       0%         3d5       100%        4


Dungeon Overview and Level Annotations

Branches:
Dungeon (4/15)
 Temple: D:4-7

Altars:
Vehumet

Shops:
D:3 *


Innate Abilities, Weirdness & Mutations

You have a pair of horns on your head.
You reflexively headbutt those who attack you in melee.


Message History

A magic dart appears from out of thin air!
The magic dart hits something!
You hit something.
Reactivating autopickup.
You feel a bit more experienced.
Deactivating autopickup; reactivate with Ctrl-A.
You closely miss something. Something hits you but does no damage.
You are poisoned.
You closely miss something. Your headbutt misses something.
You feel very sick. Something hits you.
You are more poisoned.
You block something's attack.
You hit something.
You feel very sick. Something hits you but does no damage.
You are more poisoned.
You miss something.
You feel very sick. Something hits you but does no damage.
You are lethally poisoned!
You hit something.
* * * LOW HITPOINT WARNING * * *
You feel very sick. Something hits you.
* * * LOW HITPOINT WARNING * * *
You are more poisoned.
You miss something. Your headbutt misses something.
* * * LOW HITPOINT WARNING * * *
You feel very sick.
You hear some strange, mumbled words.
A puff of flame appears from out of thin air!
The puff of flame hits you.
* * * LOW HITPOINT WARNING * * *
Unknown command.
Unknown command.
It was a potion of degeneration.
There was something very wrong with that liquid.
You feel weakened.
You feel dopey.
You feel clumsy.
You die...

#.......#
#######.#
#.# #.# #.#
#.# #)#
#.#######.
#.@{g{o...
#..#######.
#..# ....#
..##.# #.#
#.# #> ...
# ##


You could see an orc and a hobgoblin.

Vanquished Creatures
  Sigmund (D:2)
  An orc warrior (D:4)
  3 orc wizards
  4 adders
  2 worms (D:2)
  2 dart slugs
  2 orcs (D:3)
  7 bats
  5 endoplasms
  4 giant cockroaches (D:1)
  6 goblins
  8 hobgoblins
  2 quokkas
  2 ball pythons
  A frilled lizard (D:3)
  2 kobolds (D:1)
  4 rats
56 creatures vanquished.

Notes
Turn   | Place    | Note
-------+----------+-------------------------------------------
     0 | D:1      | seaoflcl the Minotaur Fighter began the quest for the Orb.
     0 | D:1      | Reached XP level 1. HP: 19/19 MP: 0/0
   147 | D:1      | Reached XP level 2. HP: 27/27 MP: 1/1
   627 | D:1      | Found a faded altar of an unknown god.
   780 | D:2      | Reached XP level 3. HP: 33/33 MP: 2/2
   809 | D:2      | Noticed Sigmund
   820 | D:2      | Killed Sigmund
   821 | D:2      | Reached XP level 4. HP: 29/41 MP: 3/3
   821 | D:2      | Reached XP level 5. HP: 33/47 MP: 4/4
  1231 | D:3      | Found Jufoxko's Assorted Antiques.
  1317 | D:3      | Found a radiant altar of Vehumet.
  1401 | D:3      | Reached skill level 5 in Axes
  1475 | D:3      | Reached XP level 6. HP: 55/55 MP: 5/5
  1570 | D:3      | Reached skill level 5 in Armour
  1908 | D:4      | Noticed an orc warrior
  1924 | D:4      | Killed an orc warrior
  1925 | D:4      | Reached skill level 5 in Fighting
  1925 | D:4      | Reached skill level 5 in Shields
  1932 | D:4      | HP: 1/56 [something/puff of flame (5)]
  1933 | D:4      | Succumbed to an orc wizard's poison

Illustrated notes

Levels and vault maps discovered:
D:1:      dpeg_arrival_orchard, layout_loops_ring,
          dilly_ecumenical_altar_fadedgnrine, hangedman_decor_lopped,
          chequers_serial_rivers_small_a, grunt_decor_junction
D:2:      layout_rooms, uniq_sigmund
D:3:      layout_basic, mainiacjoe_overflow_paths, serial_forest,
          infiniplex_forest_clump_tiny, infiniplex_forest_corner_2,
          infiniplex_forest_straight_1, infiniplex_forest_clump_medium,
          infiniplex_forest_3_way, infiniplex_forest_clump_medium,
          infiniplex_forest_lined_room_2, serial_shops, nicolae_diamond_shop
D:4:      layout_basic, minmay_temple_entry_large_hall

Skill      XL: |  1  2  3  4  5  6 |
---------------+-------------------+-----
Axes           | 3 4 5 |  5.6
Fighting       | 4 5 |  5.1
Armour         | 4 5 |  5.1
Shields        | 4 5 |  5.0

Action                     |  1- 3 |  4- 6 || total
---------------------------+-------+-------++-------
  Melee: War axe           |    44 |    84 ||   128
         Headbutt          |     2 |    11 ||    13
    Use: Potion            |       |     1 ||     1
 Armour: Scale mail        |    17 |     9 ||    26
         Plate armour      |       |    42 ||    42
  Dodge: Dodged            |    23 |    25 ||    48
  Block: Buckler           |    15 |    25 ||    40
         Reflection        |       |     1 ||     1
